 Dungeon Crawl Stone Soup version 0.30-a0-385-gfebfb9b408 (webtiles) character file.

Game seed: 4945695346906376381

221 vineage the Trooper (level 5, -7/57 HPs)
             Began as an Ogre Fighter on Dec 2, 2022.
             Mangled by a gnoll bouda
             ... wielding a +0 club
              (11 damage)
             ... on level 4 of the Dungeon.
             The game lasted 00:02:32 (2636 turns).

vineage the Trooper (Ogre Fighter)                  Turns: 2636, Time: 00:02:33

Health: -7/57      AC:  3    Str: 22    XL:     5   Next: 98%
Magic:  5/5        EV:  9    Int: 13    God:
Gold:   107        SH:  8    Dex: 12    Spells: 4/4 levels left

rFire   . . .      SeeInvis .    a - +1 flail
rCold   + . .      Faith    .    c - +0 kite shield
rNeg    + . .      Spirit   .    b - +0 robe
rPois   .          Reflect  .    (helmet restricted)
rElec   .          Harm     .    (no cloak)
rCorr   +          Rampage  .    (gloves unavailable)
Will    .....                    (boots unavailable)
Stlth   +.........               (no amulet)
HPRegen 0.29/turn                t - ring of Deugyja {rC+ rN+ rCorr Int+4 Dex+4}
MPRegen 0.09/turn                (no ring)

@: mighty
A: large, unfitting armour, tough skin 1
a: no special abilities


You were on level 4 of the Dungeon.
You visited 1 branch of the dungeon, and saw 4 of its levels.

You collected 107 gold pieces.

Inventory:

Hand Weapons
 a - a +1 flail (weapon)
Armour
 b - a +0 robe (worn)
 c - a +0 kite shield (worn)
Jewellery
 o - an amulet of magic regeneration
 t - the ring of Deugyja (left hand) {rC+ rN+ rCorr Int+4 Dex+4}
   (You found it on level 3 of the Dungeon)

   [ring of resist corrosion]

   Int:       It affects your intelligence (+4).
   Dex:       It affects your dexterity (+4).
   rC:        It protects you from cold.
   rN:        It protects you from negative energy.
   rCorr:     It protects you from acid and corrosion.
Scrolls
 f - 3 scrolls of teleportation
 i - a scroll of immolation
 j - 4 scrolls of identify {unknown}
 k - a scroll of poison
 l - 3 scrolls of noise
 m - a scroll of enchant weapon
Potions
 e - a potion of mutation {unknown}
 g - a potion of ambrosia {unknown}
 h - a potion of invisibility {unknown}
 n - a potion of attraction {unknown}
 p - a potion of flight {unknown}
 q - 2 potions of degeneration {unknown}
 r - 2 potions of berserk rage {unknown}


   Skills:
 + Level 5.4 Fighting
 * Level 4.0 Maces & Flails
 + Level 3.6 Dodging
 - Level 3.0 Shields


You had 4 spell levels left.
You didn't know any spells.
Your spell library contained the following spells:

 Spells                   Type           Power      Damage    Failure   Level
 Blink                    Tloc           0%         N/A       73%         2
 Call Canine Familiar     Summ           0%         N/A       91%         3
 Summon Forest            Summ/Tloc      0%         N/A       100%        5
 Dragon's Call            Summ           0%         N/A       100%        9


Dungeon Overview and Level Annotations

Branches:
Dungeon (4/15)
 Temple: D:4-7

Altars:
Zin


Innate Abilities, Weirdness & Mutations

You are too large for most types of armour.
You have tough skin. (AC +1)


Message History

The gnoll bouda barks out a call to the hunt!
The gnoll picks up the pace!
You hear a shout!
You sock the gnoll!
The gnoll is severely wounded.
The gnoll hits you with a +0 spear!
A gnoll comes into view. It is wielding a +0 spear. x2
You hit the gnoll but do no damage.
The gnoll is severely wounded.
Your attacks no longer feel as feeble.
The gnoll hits you with a +0 spear.
The gnoll bouda gazes fiercely through you!
You feel your attacks grow feeble. You block the gnoll's attack.
You feel very mighty all of a sudden. The gnoll closely misses you.
You block the gnoll bouda's attack. You block the gnoll's attack.
The gnoll bouda attacks as you move away!
The gnoll bouda hits you with a +0 club.
The gnoll bouda attacks as you move away!
You block the gnoll bouda's attack.
The gnoll bouda attacks as you move away!
You block the gnoll bouda's attack.
Your attacks no longer feel as feeble.
You hit the gnoll bouda.
The gnoll bouda is lightly wounded.
The gnoll bouda hits you with a +0 club!
* * * LOW HITPOINT WARNING * * *
You sock the gnoll bouda!
The gnoll bouda is almost dead.
You block the gnoll's attack.
The gnoll bouda hits you with a +0 club!
* * * LOW HITPOINT WARNING * * *
The gnoll hits you from afar with a +0 spear.
* * * LOW HITPOINT WARNING * * *
You hit the gnoll bouda.
The gnoll bouda is almost dead.
The gnoll bouda completely misses you. The gnoll closely misses you.
The gnoll bouda hits you with a +0 club!
You die...

#..............
##.............
#............g. ###
###..)#........
##...####..##.......
#.......#g## #......
#...g####.....
......###g.........
....> #@..........
.... ##.#........
... .##...... .. .
...... . .. ..... #.
##.#. #. ##


You could see a gnoll bouda and 2 gnolls.

Vanquished Creatures
  2 hounds (D:4)
  Natasha (thrice) (D:2)
  4 adders
  6 orcs (D:3)
  3 bats
  2 endoplasms (D:1)
  4 goblins
  4 hobgoblins
  3 jackals (D:2)
  5 ball pythons
  4 frilled lizards
  3 kobolds
  8 rats
51 creatures vanquished.

Notes
Turn   | Place    | Note
-------+----------+-------------------------------------------
     0 | D:1      | vineage the Ogre Fighter began the quest for the Orb.
     0 | D:1      | Reached XP level 1. HP: 24/24 MP: 1/1
   167 | D:1      | Reached XP level 2. HP: 28/32 MP: 2/2
   197 | D:1      | Got the Anthology of Geometric Allies
   789 | D:2      | Noticed Natasha
   796 | D:2      | Killed Natasha
   797 | D:2      | Reached XP level 3. HP: 22/40 MP: 3/3
   943 | D:2      | Noticed Natasha
   952 | D:2      | Killed Natasha
   953 | D:2      | Reached XP level 4. HP: 13/49 MP: 4/4
  1180 | D:2      | Noticed Natasha
  1187 | D:2      | Killed Natasha
  1295 | D:2      | Reached skill level 5 in Fighting
  1465 | D:2      | Reached XP level 5. HP: 57/57 MP: 5/5
  2131 | D:3      | Found a faded altar of an unknown god.
  2135 | D:3      | Found a glowing silver altar of Zin.
  2182 | D:3      | Identified the ring of Deugyja {rC+ rN+ rCorr Int+4 Dex+4}
  2636 | D:4      | Mangled by a gnoll bouda

Illustrated notes

Levels and vault maps discovered:
D:1:      mrwooster_arrival_arrow, layout_loops_ring
D:2:      layout_basic, hangedman_abyss_or_decor_stabs, uniq_natasha
D:3:      layout_loops_ring, nicolae_overflow_ecumenical_swirl,
          hangedman_decor_push, skrybe_limestone_x, fountainhead
D:4:      layout_cave_pools, nicolae_overflow_hidden_temple,
          ebering_ghost_sewer_f, chequers_serial_rivers_large_b

Skill      XL: |  1  2  3  4  5 |
---------------+----------------+-----
Maces & Flails | 2 3 4 |  4.0
Dodging        | 3 |  3.6
Fighting       | 5 |  5.4
Shields        | |  3.0

Action                   |  1- 3 |  4- 6 || total
-------------------------+-------+-------++-------
Melee: Flail             |    52 |   110 ||   162
  Use: Scroll            |       |     8 ||     8
       Potion            |       |     1 ||     1
Armor: Robe              |    16 |    26 ||    42
Dodge: Dodged            |    30 |    45 ||    75
Block: Kite shield       |    24 |    43 ||    67

Table legend: (Time is in decaauts)
 A = Elapsed time spent in this place.
 B = Non-inter-level travel time spent in this place.
 C = Inter-level travel time spent in this place.
 D = Time resting spent in this place.
 E = Time spent auto-exploring this place.
 F = Levels seen in this place.
 G = Mean time per level.
                   A        B        C        D        E       F      G
               +--------+--------+--------+--------+--------+-----+--------+
         Total |   2711 |   2632 |     79 |    258 |   1899 |   4 |  677.8 |
       Dungeon |   2711 |   2632 |     79 |    258 |   1899 |   4 |  677.8 |
               +--------+--------+--------+--------+--------+-----+--------+

Top non-repeatable levels by time:
     D:2: 1040 daAuts
     D:3: 848 daAuts
     D:1: 567 daAuts
     D:4: 255 daAuts
